 Dungeon Crawl Stone Soup version 0.28.0-62-gf88900778d (webtiles) character file.

Game seed: 521507268210922934

5949 Coron the Fighter (level 10, -7/102 HPs)
             Began as a Deep Dwarf Delver on Mar 31, 2023.
             Was a Plaything of Xom.
             Mangled by an ogre
             ... wielding a +0 halberd
              (9 damage)
             ... in a bailey.
             The game lasted 00:38:14 (6437 turns).

Coron the Fighter (Deep Dwarf Delver)               Turns: 6437, Time: 00:38:15

Health: -7/102     AC: 16    Str: 19    XL:     10   Next: 54%
Magic:  9/10       EV:  9    Int: 10    God:    Xom [..*...]
Gold:   474        SH:  0    Dex: 16    Spells: 10/10 levels left

rFire   + + +      SeeInvis .   k - +7 hunting sling of Uptasili {flame, rElec rF++}
rCold   . . .      Faith    .   (no shield)
rNeg    . . .      Spirit   .   C - +0 chain mail
rPois   .          Reflect  .   p - +2 helmet
rElec   +          Harm     .   (no cloak)
rCorr   .          Rampage  .   (no gloves)
Will    +....      Clarity  +   z - +0 pair of boots
Stlth   ..........              (no amulet)
HPRegen 0.00/turn               x - ring of protection from fire
MPRegen 0.12/turn               (no ring)

@: no status effects
A: damage resistance, heal wounds, sense surroundings 2, no regeneration,
clarity, fire resistance 1
a: Heal Wounds, Renounce Religion


You were in a bailey.
You worshipped Xom.
You were a toy of Xom.
You visited 1 branch of the dungeon, and saw 8 of its levels.
You also visited: Bailey.

You collected 474 gold pieces.

Inventory:

Hand Weapons
 a - a +0 hand axe
 h - a +0 hunting sling
 k - the +7 hunting sling of Uptasili (weapon) {flame, rElec rF++}
   (You found it on level 3 of the Dungeon)

   Any ammunition fired from it burns those it strikes, dealing additional fire
   damage.
   rF:        It greatly protects you from fire.
   rElec:     It insulates you from electricity.
 v - a +2 vampiric short sword
 O - a +2 vampiric halberd
Missiles
 i - 225 stones
 r - 26 poisoned darts
 t - 25 sling bullets (quivered ammo)
 A - a throwing net
Armour
 p - a +2 helmet (worn)
 w - a +0 leather armour of poison resistance
 z - a +0 pair of boots (worn)
 C - a +0 chain mail (worn)
 F - a +0 plate armour
Jewellery
 x - a ring of protection from fire (left hand)
 J - a ring of wizardry
Wands
 g - a wand of digging (10)
 l - a wand of iceblast (10)
 D - a wand of acid (9)
 L - a wand of charming (13)
Scrolls
 b - a scroll of enchant weapon {unknown}
 c - 2 scrolls of fog
 d - a scroll of fear
 j - a scroll of holy word {unknown}
 o - a scroll of vulnerability
 u - a scroll of noise {unknown}
 y - 2 scrolls of teleportation
 I - 2 scrolls of identify
 K - a scroll of amnesia {unknown}
 M - a scroll of blinking {unknown}
Potions
 e - a potion of might
 f - 2 potions of haste
 m - 4 potions of curing
 n - 4 potions of mutation {unknown}
 q - a potion of flight
 s - 2 potions of heal wounds
 B - a potion of lignification {unknown}
 E - a potion of brilliance {unknown}
 G - 2 potions of attraction {unknown}
 H - a potion of invisibility {unknown}
 N - a potion of ambrosia {unknown}


   Skills:
 - Level 10.0 Fighting
 - Level 5.0 Short Blades
 - Level 3.0 Axes
 - Level 6.0 Slings
 + Level 9.1 Armour
 - Level 3.0 Dodging
 - Level 6.2 Stealth
 + Level 0.8 Spellcasting
 - Level 2.0 Evocations


You had 10 spell levels left.
You didn't know any spells.
Your spell library contained the following spells:

 Spells                   Type           Power      Damage    Failure   Level
 Magic Dart               Conj           0%         1d3       96%         1
 Sandblast                Erth           0%         2d4       96%         1
 Sting                    Tmut/Pois      0%         1d3       96%         1
 Call Imp                 Summ           0%         N/A       99%         2
 Corpse Rot               Necr/Air       0%         N/A       99%         2
 Ensorcelled Hibernation  Hex/Ice        0%         N/A       99%         2
 Passwall                 Tmut/Erth      0%         N/A       99%         2
 Poisonous Vapours        Pois/Air       0%         N/A       99%         2
 Mephitic Cloud           Conj/Pois/Air  0%         N/A       100%        3
 Spider Form              Tmut/Pois      0%         N/A       100%        3
 Stone Arrow              Conj/Erth      0%         3d7       100%        3
 Anguish                  Hex/Necr       0%         N/A       100%        4
 Olgreb's Toxic Radiance  Pois           0%         N/A       100%        4


Dungeon Overview and Level Annotations

Branches:
Dungeon (8/15)             Temple (0/1) D:4            Lair (0/6) D:8
 Bailey (1/1)

Altars:
Cheibriados
Fedhas
Hepliaklqana
Makhleb
Sif Muna
Xom
The Shining One
Beogh

Shops:
D:1 :

Annotations:
D:4 3 runed translucent doors, jjjjhere's ghost, amateur MiEn
D:5 3 runed translucent doors, Hector's ghost, novice DjCA


Innate Abilities, Weirdness & Mutations

You are resistant to damage.
You can heal yourself by infusing magical energy.
You passively map the area around you.
You do not regenerate.
You possess an exceptional clarity of mind.
Your flesh is heat resistant. (rF+)


Message History

* * * LOW HITPOINT WARNING * * *
Fire: 30 sling bullets
Press: ? - help, Q - select action, (/) - cycle Shift-Dir - straight line, f/p - ogre
Aim: an ogre, wielding a +0 halberd (almost dead, 83% to hit)
You shoot a sling bullet. The sling bullet hits the ogre!
The sling bullet burns the ogre.
You kill the ogre!
The ogre hits you but does no damage.
Fire: 29 sling bullets
Press: ? - help, Q - select action, (/) - cycle Shift-Dir - straight line, f - ogre
Aim: an ogre, wielding a +0 halberd (83% to hit)
You shoot a sling bullet. The sling bullet hits the ogre!
The sling bullet burns the ogre!
The ogre is almost dead.
The ogre hits you from afar with a +0 halberd!
* * * LOW HITPOINT WARNING * * *
The ogre completely misses you.
Fire: 28 sling bullets
Press: ? - help, Q - select action, (/) - cycle Shift-Dir - straight line, f/p - ogre
Aim: an ogre, wielding a +0 halberd (almost dead, 83% to hit)
You shoot a sling bullet. The sling bullet hits the ogre!
The sling bullet burns the ogre.
You kill the ogre!
Fire: 27 sling bullets
Press: ? - help, Q - select action, (/) - cycle Shift-Dir - straight line, f - ogre
Aim: an ogre, wielding a +0 halberd (83% to hit)
You shoot a sling bullet. The sling bullet hits the ogre.
The sling bullet burns the ogre.
The ogre is moderately wounded.
The ogre hits you from afar with a +0 halberd!
* * * LOW HITPOINT WARNING * * *
Xom is mildly amused.
Fire: 26 sling bullets
Press: ? - help, Q - select action, (/) - cycle Shift-Dir - straight line, f/p - ogre
Aim: an ogre, wielding a +0 halberd (moderately wounded, 83% to hit)
You shoot a sling bullet. The sling bullet hits the ogre!
The sling bullet burns the ogre.
The ogre is severely wounded.
The ogre hits you from afar with a +0 halberd!
You die...

##...........#
##.........##
###≈≈≈≈≈###
#≈≈≈≈≈#
##≈≈≈≈≈##
##.......##
*#.........##
#..#######..##
#..# , ##.@# *
..# ##..# * .♣
##)O# * ,* , *
*..# , , , *
..# , , ≈ ,
,*..# * * ,
*..# * ,* *..#
, *** , *


You could see an ogre.

Vanquished Creatures
  A two-headed ogre (D:8)
  A hornet (D:8)
  Grinder (D:4)
  3 yaks (D:8)
  2 wyverns (D:8)
  4 water moccasins
  An acid dragon (D:8)
  2 sky beasts
  An orc warrior (D:8)
  A black bear (D:6)
  An ice beast (D:6)
  6 ogres
  2 centaurs
  2 phantoms
  2 kobold brigands
  4 bullfrogs
  3 scorpions
  4 wights (D:6)
  2 gnoll shamans
  2 hounds
  6 orc priests
  3 jellies
  5 iguanas
  5 orc wizards
  12 gnolls
  4 adders
  A howler monkey skeleton (D:7)
  2 white imps (D:6)
  An ufetubus (D:6)
  An adder skeleton (D:4)
  23 orcs
  8 endoplasms
  2 giant cockroaches (D:4)
  8 goblins
  4 hobgoblins
  4 jackals (D:3)
  A quokka (D:4)
  6 ball pythons
  9 bats
  4 frilled lizards
  17 kobolds
  4 rats
175 creatures vanquished.

Vanquished Creatures (collateral kills)
  3 yaks (D:8)
  A steam dragon (D:8)
  A water moccasin (D:7)
  An ice beast (D:7)
  A water moccasin zombie (D:7)
  A wight (D:6)
8 creatures vanquished.

Vanquished Creatures (others)
  An orc wizard (D:7)
  2 orcs (D:7)
  2 kobolds (D:7)
  A bush (D:8)
  5 fungi (D:8)
  16 plants (D:8)
27 creatures vanquished.

Grand Total: 210 creatures vanquished

Notes
Turn   | Place    | Note
-------+----------+-------------------------------------------
     0 | D:5      | Coron the Deep Dwarf Delver began the quest for the Orb.
     0 | D:5      | Reached XP level 1. HP: 20/20 MP: 1/1
   115 | D:3      | Found a faded altar of an unknown god.
   118 | D:3      | Prayed at the altar of an unknown god.
   118 | D:3      | Became a worshipper of Xom of Many Doors
   222 | D:3      | Reached XP level 2. HP: 18/27 MP: 2/2
   321 | D:3      | XOM: potion effect (invisibility)
   322 | D:3      | Identified the +7 hunting sling of Uptasili {flame, rElec
                  | rF++}
   330 | D:2      | Found a burning altar of Makhleb.
   347 | D:2      | XOM: silly message
   397 | D:1      | Found Fudyidev's Book Boutique.
   570 | D:1      | Reached skill level 3 in Fighting
   657 | D:1      | Reached XP level 3. HP: 33/34 MP: 3/3
   737 | D:1      | XOM: noise
   963 | D:1      | XOM: silly message
  1138 | D:2      | XOM: divination: detect creatures
  1355 | D:2      | Reached skill level 1 in Armour
  1475 | D:2      | XOM: silly message
  1663 | D:3      | Reached skill level 1 in Slings
  1663 | D:3      | Reached XP level 4. HP: 41/42 MP: 4/4
  1664 | D:3      | XOM: torment (24/42 hp)
  1912 | D:3      | Found a blossoming altar of Fedhas.
  2027 | D:3      | Reached XP level 5. HP: 49/49 MP: 5/5
  2253 | D:3      | XOM: summons 3 hostile demons
  2314 | D:3      | XOM: summons 2 hostile demons
  2459 | D:4      | Noticed Eustachio
  2460 | D:4      | Noticed Eustachio
  2460 | D:4      | Eustachio changed into Eustachio the bullfrog
  2460 | D:4      | XOM: polymorph Eustachio -> Eustachio the bullfrog
  2462 | D:4      | Killed Eustachio the bullfrog
  2463 | D:4      | Reached skill level 4 in Fighting
  2569 | D:4      | Found a runed translucent gate.
  2569 | D:4      | Noticed a phantom
  2570 | D:4      | Found a runed translucent gate.
  2570 | D:4      | Noticed Grinder
  2688 | D:4      | XOM: scenery: 2 doors open
  2703 | D:4      | XOM: summons 1 hostile demon
  2704 | D:4      | Noticed a soul eater
  2809 | D:4      | Reached skill level 5 in Fighting
  2809 | D:4      | Reached XP level 6. HP: 57/61 MP: 6/6
  2877 | D:4      | Found a staircase to the Ecumenical Temple.
  3026 | D:4      | XOM: god gift: 21 bolts
  3092 | D:4      | Killed Grinder
  3093 | D:4      | Reached XP level 7. HP: 48/67 MP: 7/7
  3127 | D:4      | Noticed jjjjhere's ghost (amateur MiEn)
  3130 | D:4      | Found a runed translucent gate.
  3146 | D:4      | Identified the +5 chain mail "Jaysor" {rC+ Int+3}
  3285 | D:4      | Identified the +1 dagger "Hellblazer" {vorpal, rElec rF+}
  3381 | D:5      | Found a runed translucent gate.
  3381 | D:5      | Found a runed translucent gate.
  3382 | D:5      | Found a runed translucent gate.
  3383 | D:5      | Noticed Hector's ghost (novice DjCA)
  3414 | D:5      | Reached skill level 6 in Fighting
  3415 | D:5      | XOM: summons friendly quasit
  3465 | D:5      | XOM: give mutations
  3465 | D:5      | Gained mutation: Your flesh is heat resistant. (rF+) [Xom's
                  | grace]
  3465 | D:5      | Gained mutation: You possess an exceptional clarity of
                  | mind. [Xom's grace]
  3493 | D:5      | Reached skill level 5 in Armour
  3507 | D:5      | Reached XP level 8. HP: 29/76 MP: 8/8
  3578 | D:5      | Reached skill level 1 in Short Blades
  3825 | D:5      | Found a hazy altar of Hepliaklqana.
  4003 | D:5      | XOM: scenery: summon butterflies
  4072 | D:6      | XOM: summons friendly ufetubus
  4077 | D:6      | Reached skill level 7 in Fighting
  4202 | D:6      | Reached skill level 8 in Fighting
  4285 | D:6      | XOM: 1-stop teleportation journey
  4392 | D:6      | XOM: 1-stop teleportation journey
  4558 | D:6      | Reached skill level 5 in Slings
  4562 | D:6      | Gained mutation: You passively map the area around you.
                  | [Deep Dwarf growth]
  4562 | D:6      | Reached XP level 9. HP: 27/88 MP: 9/9
  4748 | D:6      | XOM: polymorph orc -> bat
  4853 | D:6      | XOM: cloud trail
  5110 | D:6      | XOM: god gift: sapphire potion {god gift}
  5283 | D:7      | XOM: summons friendly white imp
  5305 | D:7      | Found a burning altar of Makhleb.
  5306 | D:7      | Found a shimmering blue altar of Sif Muna.
  5614 | D:7      | Found a glowing golden altar of the Shining One.
  5648 | D:7      | XOM: potion effect (invisibility)
  5704 | D:7      | XOM: cloud trail
  5796 | D:7      | XOM: divine lightning
  5828 | D:7      | XOM: scenery: summon butterflies
  5970 | D:8      | XOM: stealth player
  6034 | D:8      | Found a snail-covered altar of Cheibriados.
  6040 | D:8      | XOM: divination: magic mapping
  6207 | D:8      | XOM: cast spell 'Leda's Liquefaction'
  6222 | D:8      | XOM: fake destruction
  6224 | D:8      | XOM: enchant monster (bad)
  6225 | D:8      | Noticed a two-headed ogre
  6234 | D:8      | XOM: polymorph scorpion -> bullfrog
  6236 | D:8      | Killed a two-headed ogre
  6237 | D:8      | Reached skill level 9 in Fighting
  6237 | D:8      | Reached XP level 10. HP: 71/99 MP: 9/9
  6281 | D:8      | XOM: god gift: 54 gold pieces
  6285 | D:8      | Reached skill level 5 in Short Blades
  6285 | D:8      | Reached skill level 1 in Evocations
  6305 | D:8      | XOM: summons 10 friendly demons
  6308 | D:8      | XOM: cleaving
  6310 | D:8      | XOM: summons friendly white imp
  6338 | D:8      | XOM: enchant monster (good)
  6345 | D:8      | Reached skill level 10 in Fighting
  6376 | D:8      | Found a staircase to the Lair.
  6398 | D:8      | Found a flagged portal.
  6412 | Bailey   | Entered a bailey
  6436 | Bailey   | HP: 2/102 [ogre/+0 halberd (11)]
  6437 | Bailey   | Mangled by an ogre

Illustrated notes

Levels and vault maps discovered:
D:1:      minmay_arrival_three_doors, layout_basic, serial_shops, shop_statue
D:2:      layout_rooms, basic_altar
D:3:      minmay_door_path, layout_basic, overflow_temple_1_default,
          hellmonk_ecumenical_altar_inner_sanctum, grunt_ministairs_13,
          minmay_puff
D:4:      layout_gridville, minmay_temple_entry_large_hall,
          biasface_ghost_orc_armoury, uniq_eustachio, uniq_grinder
D:5:      layout_loops_ring, kennysheep_mini, gammafunk_ghost_nasty_kobolds
D:6:      layout_cave_pods
D:7:      layout_loops_ring, amcnicky_altar_gilded,
          chequers_temple_overflow_statue_of_worship
D:8:      layout_cave_pools, cheibriados_altar_2, minmay_lair_entry_grove,
          enter_bailey_2, minmay_misc_feat_hallway
Bailey:   bailey_polearm_enchanted_keep_hellmonk, bailey

Skill      XL: |  1  2  3  4  5  6  7  8  9 10 |
---------------+-------------------------------+-----
Fighting       | 3 5 6 8 9 10 | 10.0
Axes           | 3 |  3.0
Dodging        | 3 |  3.0
Armour         | 2 4 5 6 9 |  9.1
Slings         | 1 2 4 5 6 |  6.0
Short Blades   | 2 4 5 |  5.0
Evocations     | 2 |  2.0
Stealth        | |  6.2
Spellcasting   | |  0.8

Action                   |  1- 3 |  4- 6 |  7- 9 | 10-12 || total
-------------------------+-------+-------+-------+-------++-------
Melee: Hand axe          |    43 |    31 |       |       ||    74
       Short sword       |       |    20 |   173 |    38 ||   231
       Halberd           |       |       |       |     6 ||     6
       Punch             |       |       |       |     1 ||     1
 Fire: Hunting sling     |    49 |    66 |   181 |    37 ||   333
 Abil: Heal Wounds       |     1 |     1 |     1 |       ||     3
Evoke: Wand              |       |       |     2 |       ||     2
  Use: Scroll            |       |     4 |     6 |       ||    10
       Potion            |       |       |     1 |       ||     1
 Stab: Sleeping          |     3 |     2 |       |       ||     5
       Distracted        |       |       |     2 |       ||     2
       Petrified         |       |       |       |     1 ||     1
Armor: Leather armour    |    15 |    44 |     4 |       ||    63
       Chain mail        |       |       |   177 |    24 ||   201
Dodge: Dodged            |    28 |    82 |   134 |    15 ||   259
